 Dungeon Crawl Stone Soup version 0.18.1-48-g4cf74bf (webtiles) character file.

1579 theElss the Destroyer (level 8, -3/46 HPs)
             Began as a High Elf Conjurer on July 18, 2016.
             Was a Follower of Vehumet.
             Shot with a sling bullet by Joseph (17 damage)
             ... on level 7 of the Dungeon.
             The game lasted 00:31:59 (8866 turns).

theElss the Destroyer (High Elf Conjurer)           Turns: 8866, Time: 00:32:01

Health: -3/46      AC:  3    Str:  7    XL:     8   Next: 60%
Magic:  4/20       EV: 15    Int: 27    God:    Vehumet [*.....]
Gold:   309        SH:  0    Dex: 16    Spells: 4 memorised, 10 levels left

rFire  . . .     SeeInvis .     x - +3 war axe (pain)
rCold  . . .     Gourm    .     a - +0 robe
rNeg   . . .     Faith    .     (no shield)
rPois  .         Spirit   .     (no helmet)
rElec  .         Dismiss  +     l - +0 cloak (curse)
rCorr  .         Reflect  .     (no gloves)
SustAt .         Harm     .     (no boots)
MR     .....                    r - amulet of Afeog {Dismiss Fragile Int+6 Stlth+}
Stlth  ++........               (no ring)
                                y - ring of loudness (curse)

@: not resistant to hostile enchantments, unstealthy
A: no striking features
a: Renounce Religion


You were on level 7 of the Dungeon.
You worshipped Vehumet.
Vehumet was aware of your devotion.
You were near starving.

You visited 1 branch of the dungeon, and saw 7 of its levels.

You collected 309 gold pieces.

Inventory:

Hand Weapons
 d - a +0 dagger
 x - a +3 war axe of pain (weapon)
Armour
 a - a +0 robe (worn)
 l - a cursed +0 cloak (worn)
Jewellery
 r - the amulet of Afeog (around neck) {Dismiss Fragile Int+6 Stlth+}
   (You found it on level 4 of the Dungeon)

   [amulet of dismissal]

   It may teleport away creatures that harm you.
   It affects your intelligence (+6).
   It will be destroyed if unequipped.
   It makes you more stealthy.
 y - a cursed ring of loudness (left hand)
 I - an uncursed amulet of harm {unknown}
Wands
 o - a wand of random effects (31/48)
 p - a wand of slowing (13/48)
 v - a wand of flame (28/48)
 G - a wand of acid (10/15)
 H - a wand of flame (12/48)
Scrolls
 g - 3 scrolls of magic mapping
 i - a scroll of vulnerability
 k - a scroll of immolation
 n - a scroll of enchant weapon
 q - a scroll of enchant armour
 s - a scroll of remove curse
 w - a scroll of amnesia {unknown}
 C - a scroll of blinking {unknown}
 D - a scroll of fog {unknown}
Potions
 e - a potion of curing
 f - 3 potions of resistance
 h - a potion of flight
 j - a potion of ambrosia
 m - 2 potions of haste
 u - 2 potions of agility
 A - a potion of invisibility
 E - a potion of magic
Books
 b - a book of Conjurations

   Spells                             Type                      Level
   a - Magic Dart                     Conjuration                  1
   b - Searing Ray                    Conjuration                  2
   c - Dazzling Spray                 Conjuration/Hexes            3
   d - Fulminant Prism                Conjuration/Hexes            4
   e - Iskenderun's Mystic Blast      Conjuration                  4
   f - Iskenderun's Battlesphere      Conjuration/Charms           5
Comestibles
 c - 5 bread rations
 t - a meat ration
 z - a beef jerky
 B - 6 fruits


   Skills:
 + Level 4.7 Dodging
 - Level 2.1 Stealth
 + Level 7.9 Spellcasting
 + Level 9.3 Conjurations


You had 10 spell levels left.
You knew the following spells:

 Your Spells              Type           Power        Failure   Level  Hunger
a - Magic Dart            Conj           ####         1%          1    None
b - Iskenderun's Battles  Conj/Chrm      #####...     24%         5    ####...
c - Searing Ray           Conj           ######       1%          2    None
d - Iskenderun's Mystic   Conj           ######..     1%          4    ##.....


Dungeon Overview and Level Annotations

Branches:
Dungeon (7/15)             Temple (0/1) D:4

Altars:
Ashenzari
Cheibriados
Elyvilon
Fedhas
Gozag
Pakellas
Ru
Sif Muna
Vehumet
Yredelemnul
Zin
The Shining One

Annotations:
D:3 Galewin's ghost, amateur GrBe
D:4 asdu's ghost, weakling OgBe
D:5 Sigmund
D:6 Prince Ribbit
D:7 Joseph


Message History

Joseph is heavily wounded.
You are near starving!
Casting: Iskenderun's Mystic Blast
Confirm with . or Enter, or press ? or * to list all spells.
Aiming: Iskenderun's Mystic Blast
Press: ? - help, Shift-Dir - straight line, f/p - Joseph
Aim: Joseph, wielding an enchanted hunting sling and wearing a runed leather armour (heavily wounded)
The orb of energy hits Joseph.
Joseph is almost dead.
The orb of energy explodes!
Joseph shoots a sling bullet.
The sling bullet hits you!
Casting: Iskenderun's Mystic Blast
Confirm with . or Enter, or press ? or * to list all spells.
Aiming: Iskenderun's Mystic Blast
Press: ? - help, Shift-Dir - straight line, f/p - Joseph
Aim: Joseph, wielding an enchanted hunting sling and wearing a runed leather armour (almost dead)
The orb of energy hits Joseph.
Joseph is almost dead.
Joseph shoots a sling bullet.
The sling bullet hits you!
You die...

#####.# #.....#
#<###.######..
#.#..........#
#.#.#.######## #.#.#.#
#.#.#.########
###########.#.#.....[...
...........#.#.#@########
# ##.>.###.#.#<#.....@..
# #.....##.#.#.#########
# #...............# #
#.....##.#.#.##(#
####...###.....##.##
......####.###.#...#
####### #..# #...#.# #
#..###.#...#


You could see Joseph.

Vanquished Creatures
  Edmund (D:6)
  Duvessa (D:6)
  A black bear (D:6)
  An ogre (D:5)
  A centaur (D:6)
  2 giant frogs (D:6)
  Dowan (D:6)
  A scorpion (D:5)
  A howler monkey (D:6)
  5 crimson imps
  A hound (D:5)
  An orc wizard (D:4)
  A quasit (D:6)
  A gnoll shaman (D:4)
  2 orc priests (D:4)
  Jessica (D:2)
  2 iguanas
  5 worker ants
  A howler monkey zombie (D:5)
  7 gnolls
  A howler monkey skeleton (D:6)
  8 adders
  A shadow imp (D:6)
  An ooze (D:2)
  An adder skeleton (D:5)
  4 worms
  2 dart slugs (D:2)
  A giant gecko (D:1)
  9 orcs
  6 giant cockroaches
  5 goblins
  8 hobgoblins
  4 jackals
  6 kobolds
  2 quokkas (D:2)
  4 ball pythons
  8 bats
  A giant cockroach zombie (D:5)
  A giant gecko zombie (D:5)
  5 giant newts
  A goblin skeleton (D:6)
  A goblin zombie (D:6)
  A hobgoblin zombie (D:6)
  A kobold skeleton (D:6)
  A kobold zombie (D:6)
  An orc zombie (D:6)
  4 rats (D:2)
125 creatures vanquished.

Notes
Turn   | Place    | Note
--------------------------------------------------------------
     0 | D:1      | theElss the High Elf Conjurer began the quest for the Orb.
     0 | D:1      | Reached XP level 1. HP: 11/11 MP: 4/4
   424 | D:1      | Found a shattered altar of Ashenzari.
   562 | D:1      | Reached XP level 2. HP: 17/17 MP: 2/6
   566 | D:1      | Learned a level 2 spell: Searing Ray
   846 | D:2      | Reached skill level 5 in Conjurations
  1119 | D:2      | Reached XP level 3. HP: 21/21 MP: 1/8
  1831 | D:2      | Noticed Jessica
  1835 | D:2      | Killed Jessica
  1835 | D:2      | Reached skill level 6 in Conjurations
  1835 | D:2      | Reached XP level 4. HP: 27/27 MP: 4/9
  1841 | D:2      | Learned a level 4 spell: Iskenderun's Mystic Blast
  2296 | D:2      | Found a snail-covered altar of Cheibriados.
  2743 | D:3      | Noticed Galewin's ghost (amateur GrBe)
  3054 | D:3      | Found a faded altar to an unknown god.
  3233 | D:3      | Found a radiant altar of Vehumet.
  3243 | D:3      | Became a worshipper of Vehumet
  3705 | D:4      | Reached XP level 5. HP: 31/31 MP: 5/11
  4461 | D:4      | Reached XP level 6. HP: 36/36 MP: 5/13
  4468 | D:4      | Learned a level 5 spell: Iskenderun's Battlesphere
  4581 | D:4      | Got an ancient bronze amulet
  4670 | D:4      | Found a staircase to the Ecumenical Temple.
  4812 | D:4      | Found a sacrificial altar of Ru.
  4936 | D:4      | Noticed asdu's ghost (weakling OgBe)
  5157 | D:4      | Reached skill level 5 in Spellcasting
  5161 | D:4      | Reached skill level 7 in Conjurations
  5669 | D:5      | Entered Level 5 of the Dungeon
  6192 | D:5      | Reached XP level 7. HP: 41/41 MP: 9/16
  6291 | D:5      | Noticed Sigmund
  6319 | D:4      | Identified the amulet of Afeog {Dismiss Fragile Int+6 Stlth+} (You found it on level 4 of the Dungeon)
  6389 | D:5      | Found a basalt altar of Yredelemnul.
  6845 | D:6      | Found a glowing silver altar of Zin.
  6893 | D:6      | Reached * piety under Vehumet
  6893 | D:6      | Offered knowledge of Freeze by Vehumet.
  7024 | D:6      | Found a blossoming altar of Fedhas.
  7025 | D:6      | Found a shattered altar of Ashenzari.
  7054 | D:6      | Reached skill level 8 in Conjurations
  7202 | D:6      | Found a glowing golden altar of the Shining One.
  7263 | D:6      | Noticed Edmund
  7402 | D:6      | Killed Edmund
  7402 | D:6      | Reached XP level 8. HP: 35/46 MP: 13/19
  7502 | D:6      | Noticed Duvessa
  7506 | D:6      | Killed Duvessa
  7509 | D:6      | Noticed Dowan
  7600 | D:6      | Killed Dowan
  7779 | D:6      | Noticed Prince Ribbit
  7881 | D:6      | Found an opulent altar of Gozag.
  8207 | D:6      | Reached skill level 9 in Conjurations
  8404 | D:6      | Found an oddly glowing altar of Pakellas.
  8409 | D:6      | Found a white marble altar of Elyvilon.
  8547 | D:6      | Found a deep blue altar of Sif Muna.
  8862 | D:7      | Noticed Joseph
  8866 | D:7      | Shot with a sling bullet by Joseph

Skill      XL: |  1  2  3  4  5  6  7  8 |
---------------+-------------------------+-----
Conjurations   | 5 6 7 8 9 |  9.3
Spellcasting   | 3 4 5 6 7 |  7.9
Dodging        | 3 4 |  4.7
Stealth        | |  2.1

Action                   |  1- 3 |  4- 6 |  7- 9 || total
-------------------------+-------+-------+-------++-------
Melee: Unarmed           |     3 |       |       ||     3
       Dagger            |       |     1 |       ||     1
 Cast: Magic Dart        |    64 |    93 |    72 ||   229
       Searing Ray       |     4 |    15 |    17 ||    36
       Iskenderun's Myst |       |     2 |    18 ||    20
  Use: Potion            |       |     2 |       ||     2
       Scroll            |       |       |    12 ||    12
  Eat: Chunk             |     3 |    11 |     8 ||    22
       Beef jerky        |       |     1 |       ||     1
       Fruit             |       |       |     1 ||     1
Armor: Robe              |     2 |     6 |     7 ||    15
Dodge: Dodged            |     8 |    32 |    27 ||    67
